Map: 环轨星港

Players

shengy

  • Race: Zerg Zerg
  • League: Platinum

oGizMo - Winner!

  • Race: Zerg Zerg
  • League: Platinum

VOD

Have the link to the VOD?

Description

Time

  • Played on: Dec. 22, 2015, 7:03 p.m.
  • Length: 3:23
Show
View Real Time Build Order
Export as new Build Order

shengy Zerg 

Build Orders: Pool First 

Get SALT Encoding   

  12  0:01  Drone  
  13  0:08  Drone  
  14  0:17  Overlord  
  14  0:35  Drone x3  
  17  0:46  Drone  
  17  0:49  Spawning Pool  
  17  0:57  Drone  
  18  1:15  Drone  
  18  1:16  Hatchery  
  18  1:20  Drone  
  19  1:30  Extractor, Overlord  
  18  1:38  Queen  
  20  1:41  Drone  
  21  1:54  Zergling x2  
  22  2:01  Zergling x2  
  23  2:16  Queen  
  25  2:25  Zergling x2  
  25  2:26  Drone  
  27  2:34  Queen, Overlord  
  27  2:35  Drone  
  30  3:00  Spine Crawler  
  30  3:02  Spine Crawler  
  28  3:05  Baneling Nest  
  28  3:06  Zergling x8  
Show
View Real Time Build Order
Export as new Build Order

oGizMo Zerg - Winner!

Build Orders: Pool Only 

Get SALT Encoding   

  12  0:01  Drone  
  13  0:08  Drone  
  14  0:17  Extractor  
  14  0:18  Drone  
  14  0:33  Spawning Pool  
  13  0:35  Drone  
  14  0:44  Overlord  
  14  0:57  Drone, Extractor  
  14  1:03  Drone  
  16  1:05  Drone  
  17  1:17  Drone  
  18  1:24  Metabolic Boost  
  18  1:26  Queen  
  20  1:33  Overlord  
  20  1:42  Zergling x2  
  20  1:43  Zergling x2  
  22  1:51  Baneling Nest, Zergling x2  
  22  2:15  Zergling x2  
  22  2:16  Zergling x2  
  24  2:26  Overlord  
  24  2:34  Baneling  
  24  2:35  Baneling  
  24  2:36  Baneling  
  24  2:37  Baneling  
  24  2:42  Zergling x8  
  28  2:54  Zergling x2  
  29  3:02  Zergling x2  
Tags
 
Add a new tag
Caveats
  • Supply blocks, unpowered buildings, or Contaminate may cause inaccurate times.
  • Supply counts are checked every 10 seconds.